 Dungeon Crawl Stone Soup version 0.20-a0-809-gaf7f668 (webtiles) character file.

228 Goblin1989 the Slasher (level 5, -1/42 HPs)
             Began as a Demonspawn Monk on Mar 3, 2017.
             Slain by a phantom (4 damage)
             ... on level 3 of the Dungeon.
             The game lasted 00:06:49 (2768 turns).

Goblin1989 the Slasher (Demonspawn Monk)            Turns: 2768, Time: 00:06:50

Health: -1/42      AC: 12    Str: 12    XL:     5   Next: 71%
Magic:  5/5        EV:  6    Int: 11    God:
Gold:   60         SH:  0    Dex: 16    Spells: 4/4 levels left

rFire    . . .     SeeInvis .   a - +0 falchion
rCold    . . .     Gourm    .   j - +1 chain mail
rNeg     . . .     Faith    .   (no shield)
rPois    .         Spirit   .   (no helmet)
rElec    .         Reflect  .   o - +0 cloak
rCorr    .         Harm     .   (no gloves)
MR       .....                  (no boots)
Stlth    ..........             (no amulet)
Regen    0.2/turn               (no ring)
MPRegen  0.1/turn               (no ring)

@: exhausted
A: thin metallic scales 1, powered by death 1, spiny 1
a: no special abilities


You were on level 3 of the Dungeon.
You were not hungry.

You visited 1 branch of the dungeon, and saw 4 of its levels.

You collected 114 gold pieces.
You spent 54 gold pieces at shops.

Inventory:

Hand Weapons
 a - a +0 falchion (weapon)
Armour
 d - a +0 buckler
 j - a +1 chain mail (worn)
 o - a +0 cloak (worn)
Scrolls
 k - a scroll of recharging
 B - a scroll of blinking
 R - a scroll of identify {@r1}
Potions
 g - 2 potions of cancellation
 n - a potion of brilliance
Comestibles
 b - 3 chunks of flesh
 e - a bread ration {@e1}
 f - 8 fruits
 p - 3 meat rations {@e2}
 q - a royal jelly


   Skills:
 + Level 3.9 Fighting
 * Level 4.8 Long Blades
 + Level 2.0 Armour
 - Level 2.6 Dodging
 - Level 1.7 Stealth


You had 4 spell levels left.
You didn't know any spells.

Dungeon Overview and Level Annotations

Branches:
Dungeon (4/15)
 Temple: D:4-7

Altars:
Dithmenos
Makhleb

Shops:
D:4 [

Annotations:
D:2 1 runed door


Innate Abilities, Weirdness & Mutations

You are partially covered in thin metallic scales. (AC +2)
You regenerate a little health from kills.
You are partially covered in sharp spines.


Message History

* * * LOW HITPOINT WARNING * * *
You take 4 damage, and have 9/42 hp.
Unknown command.
You hit the orc priest.
The orc priest is heavily wounded.
The orc priest closely misses you.
The hound pauses to sniff the ground.
You hit the orc priest but do no damage.
The orc priest is heavily wounded.
The orc priest hits you but does no damage.
Unknown command.
You hit the orc priest but do no damage.
The orc priest is heavily wounded.
The orc priest hits you but does no damage.
Unknown command.
You turn into a tree.
Your +0 cloak melds into your body.
Your +1 chain mail melds into your body.
Your roots penetrate the ground.
The orc priest calls down the wrath of Beogh upon you.
Beogh smites you!
* * * LOW HITPOINT WARNING * * *
You now have 1/63 hp.
It was a potion of berserk rage.
A red film seems to cover your vision as you go berserk!
You feel yourself moving faster!
You feel mighty!
The orc priest hits you but does no damage.
You now have 1/94 hp.
You slash the orc priest!
You kill the orc priest!
You closely miss the hound. The hound bites you but does no damage.
You slash the hound!
The hound is severely wounded.
The hound bites you but does no damage. x2
You slash the hound!
You kill the hound!
Your Armour skill increases to level 2!
Unknown command.
You hit the phantom.
The phantom is lightly damaged.
The phantom hits you but does no damage.
You closely miss the phantom.
The phantom is lightly damaged.
The phantom barely misses you.
You barely miss the phantom.
The phantom is lightly damaged.
You slash the phantom!
The phantom is moderately damaged.
The phantom hits you but does no damage.
You miss the phantom.
The phantom is moderately damaged.
The phantom blinks!
You slash the orc!
You kill the orc!
You cannot move.
Unknown command.
You hit the phantom.
The phantom is lightly damaged.
The phantom hits you but does no damage.
You closely miss the phantom.
The phantom is lightly damaged.
You miss the phantom.
The phantom is lightly damaged.
The phantom hits you.
* * * LOW HITPOINT WARNING * * *
You take 6 damage, and have 3/94 hp.
You hit the phantom.
The phantom is moderately damaged.
The phantom hits you but does no damage.
The phantom blinks!
You slash the phantom!
The phantom is heavily damaged.
You are no longer berserk.
You are exhausted.
You feel yourself slow down. The phantom completely misses you.
You riposte.
You barely miss the phantom.
The phantom is heavily damaged.
You now have 3/63 hp.
It was a potion of cancellation.
Your magical effects are unravelling.
You feel magically purged.
You feel less wooden.
Your +0 cloak unmelds from your body.
Your +1 chain mail unmelds from your body.
You feel yourself speed up.
The phantom hits you but does no damage.
You now have 2/42 hp.
Unknown command.
There is a stone staircase leading up here.
The phantom is struck by your spines.
The phantom hits you but does no damage.
You climb upwards.
There is a stone staircase leading down here.
You hit the phantom.
The phantom is heavily damaged.
The phantom is struck by your spines.
The phantom hits you but does no damage.
You barely miss the phantom.
The phantom is severely damaged.
The phantom hits you.
You die...

██..████...███....█
█=..█ █.......████
)...██ █<.....██
.....███......█
..............██
...........█...██
....██.█...███..█
....█..█.█..███W████
....█.██.██.....@..█
...................██
....................█
.....██.██>.........█
..█████.███.....)...█
███ █.█
█.........████ ██.█
█............█ █..█
████████...█.█ █.██
███...███


You could see a phantom.

Vanquished Creatures
  An orc priest (D:4)
  A hound (D:4)
  An orc wizard (D:3)
  7 adders
  2 worms (D:3)
  2 dart slugs
  4 orcs
  3 giant cockroaches
  9 goblins
  6 hobgoblins
  4 jackals
  11 kobolds
  A quokka (D:2)
  7 bats
  2 frilled lizards (D:1)
  8 rats
69 creatures vanquished.

Notes
Turn   | Place    | Note
-------+----------+-------------------------------------------
     0 | D:1      | Goblin1989 the Demonspawn Monk began the quest for the Orb.
     0 | D:1      | Reached XP level 1. HP: 18/18 MP: 1/1
   280 | D:1      | Reached skill level 3 in Long Blades
   403 | D:1      | Gained mutation: You are partially covered in sharp spines. [demonic ancestry]
   403 | D:1      | Reached XP level 2. HP: 8/24 MP: 2/2
  1064 | D:2      | Found a runed door.
  1099 | D:2      | Found a shadowy altar of Dithmenos.
  1143 | D:2      | Gained mutation: You regenerate a little health from kills. [demonic ancestry]
  1143 | D:2      | Reached XP level 3. HP: 6/29 MP: 3/3
  1167 | D:2      | HP: 2/43 [poisoned by an adder]
  1546 | D:2      | Reached skill level 4 in Long Blades
  2228 | D:3      | Reached skill level 1 in Armour
  2228 | D:3      | Gained mutation: You are partially covered in thin metallic scales. (AC +2) [demonic ancestry]
  2228 | D:3      | Reached XP level 4. HP: 33/35 MP: 4/4
  2404 | D:3      | Reached XP level 5. HP: 42/42 MP: 5/5
  2637 | D:3      | Found a burning altar of Makhleb.
  2673 | D:4      | Noticed a phantom
  2675 | D:4      | Noticed a phantom
  2688 | D:4      | Found Haahoc's Armour Emporium.
  2696 | D:4      | Bought a +0 buckler for 54 gold pieces
  2739 | D:4      | HP: 1/63 [orc priest/divine providence (14)]
  2755 | D:4      | HP: 3/94 [phantom (6)]
  2768 | D:3      | Slain by a phantom

Vault maps used:
D:1:      dpeg_arrival_chase
D:2:      overflow_temple_1_default, uniq_crazy_yiuf_cottage
D:3:      lemuel_coloured_pillars_altar
D:4:      nicolae_tso_carved_into_rock, serial_shops, shop,
          portal_sewer_entry_a, first_bread, minmay_misc_feat_tiny,
          minmay_hollow_rounded_squares, uniq_grinder

Skill      XL: |  1  2  3  4  5 |
---------------+----------------+-----
Long Blades    | 3 4 |  4.8
Armour         | 1 2 |  2.0
Fighting       | |  3.9
Dodging        | |  2.6
Stealth        | |  1.7

Action                   |  1- 3 |  4- 6 || total
-------------------------+-------+-------++-------
Melee: Falchion          |   111 |    99 ||   210
  Use: Potion            |     1 |     3 ||     4
       Scroll            |       |     6 ||     6
 Stab: Sleeping          |     7 |       ||     7
  Eat: Chunk             |     4 |     2 ||     6
Armor: Robe              |    17 |     5 ||    22
       Chain mail        |       |    38 ||    38
       Skin              |       |     8 ||     8
Dodge: Dodged            |    62 |    36 ||    98
       Rpst.: Falchion   |    12 |    17 ||    29

Vault maps used:
D:1:      dpeg_arrival_chase
D:2:      overflow_temple_1_default, uniq_crazy_yiuf_cottage
D:3:      lemuel_coloured_pillars_altar
D:4:      nicolae_tso_carved_into_rock, serial_shops, shop,
          portal_sewer_entry_a, first_bread, minmay_misc_feat_tiny,
          minmay_hollow_rounded_squares, uniq_grinder
